 Dungeon Crawl Stone Soup version 0.24-a0-521-g122614b (console) character file.

Game seed: 929697074779223417

33 13572468 the Magician (level 3, -8/19 HPs)
             Began as a Deep Elf Wizard on July 28, 2019.
             Mangled by an iguana (9 damage)
             ... on level 2 of the Dungeon.
             The game lasted 00:03:34 (1271 turns).

13572468 the Magician (Deep Elf Wizard)             Turns: 1271, Time: 00:03:34

Health: -8/19      AC:  2    Str:  3 (4)  XL:     3   Next: 12%
Magic:  0/12       EV: 12    Int: 20 (23) God:
Gold:   65         SH:  0    Dex: 12 (13) Spells: 7/13 levels left

rFire    . . .     SeeInvis .   a - +0 short sword (holy)
rCold    . . .     Gourm    .   (no shield)
rNeg     . . .     Faith    .   B - +0 robe
rPois    .         Spirit   .   H - +0 hat
rElec    .         Reflect  .   (no cloak)
rCorr    .         Harm     .   (no gloves)
MR       .....                  (no boots)
Stlth    ++........             (no amulet)
HPRegen  0.06/turn              (no ring)
MPRegen  0.13/turn              (no ring)

@: no status effects
A: no striking features
a: no special abilities


You were on level 2 of the Dungeon.
You were not hungry.

You visited 1 branch of the dungeon, and saw 2 of its levels.

You collected 65 gold pieces.

Inventory:

Hand Weapons
 a - a +0 short sword of holy wrath (weapon)
Armour
 B - a +0 robe (worn)
 H - a +0 hat (worn)
Scrolls
 i - a scroll of identify
Potions
 Q - a potion of heal wounds
Comestibles
 b - 4 chunks of flesh
 E - 3 rations


   Skills:
 + Level 2.5 Dodging
 - Level 2.4 Stealth
 * Level 5.7 Spellcasting
 * Level 1.6 Conjurations
   Level 1.1 Summonings
 - Level 1.1 Translocations


You had 7 spell levels left.
You knew the following spells:

 Your Spells              Type           Power        Failure   Level  Hunger
a - Magic Dart            Conj           ##..         5%          1    None
m - Mephitic Cloud        Conj/Pois/Air  #.......     26%         3    ##.....
B - Blink                 Tloc           N/A          11%         2    None

Your spell library contained the following spells:

 Spells                   Type           Power        Failure   Level  Hunger
 Call Imp                 Summ           ##......     11%         2    None
 Slow                     Hex            #.......     16%         2    None
 Conjure Flame            Conj/Fire      #.......     24%         3    ##.....


Dungeon Overview and Level Annotations

Branches:
Dungeon (2/15)

Altars:

Annotations:
D:2 exclusion: door, Crazy Yiuf


Message History

The magic dart hits the iguana but does no damage.
The iguana is heavily wounded.
The hobgoblin closely misses you.
Casting: Magic Dart (safe; 5% risk of failure)
Confirm with . or Enter, or press ? or * to list all spells.
Aiming: Magic Dart (safe; 5% risk of failure)
Press: ? - help, Shift-Dir - straight line, f/p - iguana
Aim: an iguana (heavily wounded, confused)
The magic dart hits the iguana.
The iguana is heavily wounded.
The iguana closely misses you. The hobgoblin misses you.
Casting: Magic Dart (safe; 5% risk of failure)
Confirm with . or Enter, or press ? or * to list all spells.
Aiming: Magic Dart (safe; 5% risk of failure)
Press: ? - help, Shift-Dir - straight line, f/p - iguana
Aim: an iguana (heavily wounded, confused)
The magic dart hits the iguana but does no damage.
The iguana is heavily wounded.
The iguana bites you!
You die...

▒▒······▒▒▒ ♣·PP♣
▒▒·····≈····
··········▒ ♣P·P♣♣
▒·····≈·≈···
········▒▒▒ ▒····▒
▒▒··········
··▒▒▒▒▒▒··▒
▒▒··▒▒▒▒▒▒··········
· ▒·▒▒▒
▒···▒···▒··········
▒·▒·▒
▒··▒▒·▒·▒)▒·▒▒▒▒···
▒·▒·▒▒▒·▒▒▒·▒···▒·▒
··
▒·▒·······▒·▒▒··▒·▒
▒·▒·▒▒▒▒▒·▒·▒▒··▒·▒
▒·▒·▒<····▒·▒▒▒·▒·▒
▒·▒·▒▒▒▒▒▒▒·▒ ·>··▒
▒·▒·········▒ ▒····
▒·▒▒▒▒▒▒▒▒▒▒▒·▒·▒▒·
▒······@··%·····▒
▒▒▒▒▒▒g▒l▒▒▒▒·▒
▒·▒·▒ ▒·▒·▒ ▒·▒·▒
··▒·▒ ▒▒▒·▒ ·▒


You could see an iguana (confused) and a hobgoblin.

Vanquished Creatures
  An adder (D:2)
  A dart slug (D:2)
  A ball python (D:1)
  5 goblins
  3 hobgoblins
  2 jackals (D:1)
  4 bats
  A frilled lizard (D:1)
  2 kobolds (D:1)
  2 rats
  A fungus (D:2)
23 creatures vanquished.

Notes
Turn   | Place    | Note
-------+----------+-------------------------------------------
     0 | D:1      | 13572468 the Deep Elf Wizard began the quest for the Orb.
     0 | D:1      | Reached XP level 1. HP: 10/10 MP: 7/7
   222 | D:1      | Reached skill level 5 in Spellcasting
   260 | D:1      | You fall into a shaft and drop 1 floor!
   260 | D:2      | Found a runed translucent door.
   261 | D:2      | Noticed Crazy Yiuf
   433 | D:1      | Reached XP level 2. HP: 15/15 MP: 8/10
  1153 | D:2      | Reached XP level 3. HP: 19/19 MP: 6/12
  1157 | D:2      | Learned a level 2 spell: Blink
  1161 | D:2      | Learned a level 3 spell: Mephitic Cloud
  1271 | D:2      | Mangled by an iguana

Levels and vault maps discovered:
D:1:      mrwooster_arrival_statue, layout_loops_ring
D:2:      layout_basic, serial_rivers, chequers_serial_rivers_room_b,
          chequers_serial_rivers_micro_c, chequers_serial_rivers_micro_c,
          chequers_serial_rivers_micro_e, chequers_serial_rivers_large_b,
          uniq_terence, uniq_natasha, uniq_crazy_yiuf_cottage

Skill      XL: |  1 |
---------------+----+-----
Spellcasting   | 5 |  5.7
Dodging        | |  2.5
Stealth        | |  2.4
Conjurations   | |  1.6
Summonings     | |  1.1
Translocations | |  1.1

Action                   || total
-------------------------++-------
Melee: Unarmed           ||    34
 Cast: Magic Dart        ||    64
       Mephitic Cloud    ||     1
  Use: Potion            ||     3
       Scroll            ||     2
  Eat: Chunk             ||     1
Dodge: Dodged            ||     6

Table legend:
 A = Non-vault XP
 B = Vault XP
 C = Vault XP percentage of total XP
 D = Non-vault monster count
 E = Vault monster count
 F = Vault count percentage of total count
                 A         B        C        D         E       F
            +---------+---------+-------+---------+---------+-------
      Total |      48 |       0 |   0.0 |      22 |       0 |   0.0
            +---------+---------+-------+---------+---------+-------
        D:1 |      23 |       0 |   0.0 |      14 |       0 |   0.0
        D:2 |      25 |       0 |   0.0 |       8 |       0 |   0.0
            +---------+---------+-------+---------+---------+-------
